 Dungeon Crawl Stone Soup version 0.27.0-1-g7a089689b8 (webtiles) character file.

Game seed: 347832906194679187

11927 Malachi the Frost Mage (level 11, -1/60 HPs)
             Began as a Gargoyle Ice Elementalist on Aug 13, 2021.
             Was an Elder of Vehumet.
             Slain by an orc warlord (26 damage)
             ... on level 2 of the Orcish Mines.
             The game lasted 00:35:47 (13551 turns).

Malachi the Frost Mage (Gargoyle Ice Elementalist) Turns: 13551, Time: 00:35:47

Health: -1/60      AC: 29    Str: 23    XL:     11   Next: 85%
Magic:  22/23      EV: 14    Int: 18    God:    Vehumet [****..]
Gold:   622        SH:  0    Dex: 16    Spells: 15/26 levels left

rFire    . . .     SeeInvis +   k - staff of cold
rCold    + . .     Faith    .   (no shield)
rNeg     + . .     Spirit   .   N - +1 troll leather armour
rPois    ∞         Reflect  .   D - +2 helmet {SInv}
rElec    +         Harm     .   H - +2 cloak {rCorr}
rCorr    +         Rampage  .   i - +1 pair of gloves {archery}
Will     .....                  (no boots)
Stlth    +++.......             y - amulet of magic regeneration
HPRegen  1.20/turn              p - +6 ring of strength
MPRegen  0.43/turn              x - ring of Rasuits {rPois rCorr Str+4 Dex+6}

@: ice-armoured, freezing walls
A: sickness immunity, AC +8, negative energy resistance 1, electricity
resistance, torment resistance 1, petrification resistance
a: Renounce Religion


You were on level 2 of the Orcish Mines.
You worshipped Vehumet.
Vehumet was greatly pleased with you.
You visited 3 branches of the dungeon, and saw 12 of its levels.
You also visited: Ossuary.

You collected 1346 gold pieces.
You spent 724 gold pieces at shops.

Inventory:

Hand Weapons
 e - a +1 whip of freezing
 g - a +3 whip of venom
 h - a +1 dagger of protection
Missiles
 q - a throwing net
Armour
 d - a scarf of resistance
 i - a +1 pair of gloves of archery (worn)
 l - a +2 robe of cold resistance
 D - a +2 helmet of see invisible (worn)
 H - a +2 cloak of preservation (worn)
 N - a +1 troll leather armour (worn)
Magical Staves
 k - a staff of cold (weapon)
Jewellery
 b - a ring of protection from fire
 c - an amulet of the acrobat
 f - a +6 ring of dexterity
 j - a ring of protection from fire
 p - a +6 ring of strength (left hand)
 x - the ring of Rasuits (right hand) {rPois rCorr Str+4 Dex+6}
   (You found it on level 6 of the Dungeon)

   [ring of dexterity]

   Str:       It affects your strength (+4).
   Dex:       It affects your dexterity (+6).
   rPois:     It protects you from poison.
   rCorr:     It protects you from acid and corrosion.
 y - an amulet of magic regeneration (around neck)
Wands
 o - a wand of flame (90)
 A - a wand of digging (5)
 C - a wand of mindburst (10)
 G - a wand of iceblast (6)
Scrolls
 a - 4 scrolls of enchant weapon
 I - a scroll of identify
 M - a scroll of fog
Potions
 m - 2 potions of heal wounds
 r - 4 potions of haste
 s - 3 potions of mutation
 t - 2 potions of magic
 u - 3 potions of lignification
 v - a potion of attraction
 w - 2 potions of flight
 z - 7 potions of curing
 B - a potion of brilliance
 E - 2 potions of resistance
 F - a potion of might {unknown}
 K - a potion of degeneration {unknown}
 L - a potion of ambrosia {unknown}


   Skills:
 + Level 3.7 Fighting
 + Level 4.4(5.6) Maces & Flails
 + Level 5.3(6.1) Staves
 + Level 2.1 Armour
 + Level 5.2 Dodging
 * Level 7.1 Stealth
 + Level 8.2 Spellcasting
 * Level 11.5 Ice Magic
 * Level 2.8 Evocations


You had 15 spell levels left.
You knew the following spells:

 Your Spells              Type           Power      Damage    Failure   Level
a - Freeze                Ice            100%       1d11      1%          1
b - Frozen Ramparts       Ice            100%       1d12      1%          3
c - Ozocubu's Armour      Ice            65%        N/A       1%          3
d - Hailstorm             Conj/Ice       42%        3d10      2%          4

Your spell library contained the following spells:

 Spells                   Type           Power      Damage    Failure   Level
 Conjure Flame            Conj/Fire      7%         6-21      9%          3
 Ensorcelled Hibernation  Hex/Ice        84%        N/A       1%          2
 Beastly Appendage        Tmut           14%        N/A       11%         1
 Corona                   Hex            7%         N/A       11%         1
 Wereblood                Tmut           7%         N/A       17%         2
 Ozocubu's Refrigeration  Ice            32%        4d11      21%         7
 Spider Form              Tmut/Pois      3%         N/A       32%         3
 Tukima's Dance           Hex            7%         N/A       32%         3
 Iskenderun's Battlesphe  Conj           7%         2d6       58%         5
 Alistair's Intoxication  Tmut/Pois      4%         N/A       97%         5
 Borgnjor's Vile Clutch   Necr/Erth      3%         N/A       97%         5
 Eringya's Noxious Bog    Tmut/Pois      3%         N/A       98%         6
 Iron Shot                Conj/Erth      3%         9d2       98%         6
 Spellforged Servitor     Conj/Summ      3%         N/A       100%        7


Dungeon Overview and Level Annotations

Branches:
Dungeon (9/15)             Temple (1/1) D:5            Lair (0/6) D:8
    Orc (2/2) D:9             Elf (0/3) Orc:2       Ossuary (visited)

Altars:
Ashenzari
Cheibriados
Dithmenos
Fedhas
Gozag
Hepliaklqana
Kikubaaqudgha
Makhleb
Nemelex Xobeh
Qazlal
Ru
Sif Muna
Trog
Uskayaw
Vehumet
Wu Jian
Xom
Yredelemnul
Zin
The Shining One
Beogh

Shops:
D:5 =   D:8 [   D:9 [   Orc:2 **!((


Innate Abilities, Weirdness & Mutations

You are immune to sickness and miasma.
Your stone body is resilient. (AC +8)
You are immune to poison.
You resist negative energy. (rN+)
You are resistant to electric shocks. (rElec)
You are resistant to unholy torment.
You are immune to petrification.


Message History

Casting: Frozen Ramparts (safe; 1% risk of failure)
Press: ? - help, Dir - look around, f - activate You feel a surge of power!
The walls around you are covered in ice.
Unknown command.
The wall freezes the orc warlord!
The orc warlord completely misses you.
The wall freezes the orc warlord!
The orc warlord completely misses you.
Casting: Frozen Ramparts (safe; 1% risk of failure)
Confirm with . or Enter, or press ? or * to list all spells.
Aiming: Freeze (safe; 1% risk of failure)
Press: ? - help, Shift-Dir - straight line, f - orc warlord
Aim: an orc warlord, wielding a +0 great sword, wearing a +0 chain mail and quivering bolts (lightly wounded)
You feel a surge of power!
You freeze the orc warlord.
The orc warlord is lightly wounded.
The wall freezes the orc warlord.
The orc warlord roars a battlecry!
The wall freezes the orc warlord.
The orc warlord barely misses you.
You hit the orc warlord but do no damage.
You freeze the orc warlord.
The orc warlord is moderately wounded.
The wall freezes the orc warlord!
The orc warlord hits you but does no damage.
You hit the orc warlord but do no damage.
You freeze the orc warlord!
The orc warlord is heavily wounded.
The wall freezes the orc warlord.
The orc warlord hits you with a +0 great sword!
You barely miss the orc warlord.
The orc warlord is heavily wounded.
The wall freezes the orc warlord!
The orc warlord hits you with a +0 great sword!
You hit the orc warlord.
The orc warlord is heavily wounded.
The wall freezes the orc warlord.
The orc warlord hits you with a +0 great sword!
You hit the orc warlord.
The orc warlord is heavily wounded.
The wall freezes the orc warlord!
The orc warlord hits you with a +0 great sword!!
You die...

##.#......#.#...
#........####...
##........#.#...
##.......##....
##......#..... ##
##.........## #.##
###......##
##o######.......#
#@#oooo.oo......##
.......########........[
......# #........#)
...... .....##..#.#
..... oo.......#...
..... ..o.......#..∩.
.... oo......#..#...
...# ##..........#.#
........#.


You could see an orc warlord.

Vanquished Creatures
  An orc warlord (Orc:1)
  The ghost of Dann the Ruffian, a novice TrBe of Trog (D:7)
  3 orc knights (Orc:2)
  Pikel (D:4)
  A cyclops (Orc:2)
  A gargoyle (D:8)
  5 trolls
  A wraith (D:7)
  A wyvern (D:9)
  A human (D:9)
  A steam dragon (D:8)
  7 wargs
  An acid dragon (D:8)
  2 water moccasins (D:7)
  Duvessa (D:4)
  A necrophage (D:3)
  A sky beast (D:5)
  3 ogres
  14 orc warriors
  4 wolves (D:8)
  3 kobold brigands (D:9)
  3 lemures (D:4)
  2 gnoll sergeants
  3 bullfrogs
  2 scorpions
  Dowan (D:4)
  4 killer bees (D:8)
  4 wights (D:8)
  3 electric eels (D:8)
  3 centaur zombies
  2 jellies
  13 orc priests
  A gnoll shaman (D:4)
  8 hounds
  3 centaur skeletons
  4 iguanas
  Ijyb (D:5)
  12 orc wizards
  4 hound skeletons
  8 mummies (Ossuary)
  2 howler monkey zombies
  Robin (D:2)
  19 gnolls
  5 adders
  A howler monkey skeleton (D:7)
  A shadow imp (D:7)
  A howler monkey simulacrum (D:7)
  An ufetubus (D:5)
  2 worms
  39 orcs
  7 ball pythons
  7 endoplasms
  4 giant cockroaches
  19 goblins
  7 hobgoblins
  18 kobolds
  6 quokkas
  5 bats
  A frilled lizard (D:3)
  A gnoll zombie (Ossuary)
  A goblin zombie (D:5)
  2 hobgoblin zombies (Ossuary)
  2 kobold zombies (Ossuary)
  3 orc zombies (Ossuary)
  5 rats
  A rat zombie (D:5)
296 creatures vanquished.

Notes
Turn   | Place    | Note
-------+----------+-------------------------------------------
     0 | D:1      | Malachi the Gargoyle Ice Elementalist began the quest for
                  | the Orb.
     0 | D:1      | Reached XP level 1. HP: 10/10 MP: 3/3
   282 | D:1      | Reached XP level 2. HP: 9/15 MP: 0/5
  1108 | D:2      | Reached XP level 3. HP: 19/19 MP: 6/6
  1276 | D:2      | Noticed Robin
  1297 | D:2      | Killed Robin
  1701 | D:2      | Reached XP level 4. HP: 24/24 MP: 7/7
  1788 | D:2      | Found a sparkling altar of Nemelex Xobeh.
  2003 | D:2      | Learned a level 3 spell: Frozen Ramparts
  2175 | D:3      | Reached skill level 1 in Maces & Flails
  2344 | D:3      | Noticed a necrophage
  2357 | D:3      | Killed a necrophage
  2358 | D:3      | Reached XP level 5. HP: 21/28 MP: 2/9
  3004 | D:3      | Found a faded altar of an unknown god.
  3156 | D:4      | Reached skill level 5 in Ice Magic
  3193 | D:4      | Noticed a lemure
  3195 | D:4      | Noticed a lemure
  3195 | D:4      | Noticed Pikel
  3196 | D:4      | Noticed a lemure
  3207 | D:4      | Killed a lemure
  3210 | D:4      | Killed a lemure
  3212 | D:4      | Killed a lemure
  3217 | D:4      | Killed Pikel
  3218 | D:4      | Reached skill level 1 in Fighting
  3218 | D:4      | Reached XP level 6. HP: 8/35 MP: 4/11
  3218 | D:4      | Reached XP level 7. HP: 9/39 MP: 4/12
  3583 | D:4      | Identified a scroll of acquirement
  3583 | D:4      | Acquired a staff of cold
  3666 | D:4      | Learned a level 3 spell: Ozocubu's Armour
  4016 | D:4      | Reached XP level 8. HP: 34/44 MP: 6/13
  4227 | D:4      | Reached skill level 1 in Staves
  4599 | D:4      | Noticed Dowan
  4601 | D:4      | Noticed Duvessa
  4607 | D:4      | Killed Duvessa
  4608 | D:4      | Reached skill level 6 in Ice Magic
  4612 | D:4      | Killed Dowan
  4814 | D:5      | Entered Level 5 of the Dungeon
  4839 | D:5      | Identified the +3 hand axe "Tesachai" {protect, Str+2
                  | Stlth+}
  4855 | D:5      | Noticed Ijyb
  4866 | D:5      | Killed Ijyb
  5001 | D:5      | Found Yqicva Tidin's Jewellery Boutique.
  5166 | D:5      | Found a sand-covered staircase.
  5173 | Ossuary  | Entered an ossuary
  5706 | D:5      | Bought an amulet of magic regeneration for 330 gold pieces
  5740 | D:5      | Found a staircase to the Ecumenical Temple.
  5765 | Temple   | Entered the Ecumenical Temple
  5843 | Temple   | Became a worshipper of Vehumet
  5883 | D:5      | Found an opulent altar of Gozag.
  6127 | D:5      | Found an ornate altar of the Wu Jian Council.
  6281 | D:6      | Reached skill level 7 in Ice Magic
  6386 | D:6      | Reached XP level 9. HP: 42/49 MP: 11/16
  6399 | D:6      | Reached skill level 5 in Spellcasting
  6471 | D:6      | Identified the ring of Rasuits {rPois rCorr Str+4 Dex+6}
  6925 | D:6      | Found a hazy altar of Hepliaklqana.
  6929 | D:6      | Found a shadowy altar of Dithmenos.
  7159 | D:7      | Found a transporter.
  7209 | D:7      | Found a transporter.
  7210 | D:7      | Noticed Dann's ghost (novice TrBe)
  7829 | D:7      | Reached skill level 5 in Stealth
  7829 | D:7      | Reached skill level 8 in Ice Magic
  7829 | D:7      | Killed Dann's ghost
  8242 | D:8      | Reached XP level 10. HP: 49/56 MP: 18/18
  8398 | D:8      | Found a staircase to the Lair.
  8416 | D:8      | Reached * piety under Vehumet
  8416 | D:8      | Offered knowledge of Sandblast by Vehumet.
  8829 | D:8      | Reached skill level 9 in Ice Magic
  9562 | D:8      | Reached skill level 5 in Staves
  9748 | D:8      | Noticed a gargoyle
  9884 | D:8      | Killed a gargoyle
 10273 | D:8      | Found Ylumut's Antique Armour Emporium.
 10282 | D:8      | Bought an embroidered cloak for 142 gold pieces
 10686 | D:9      | Found a staircase to the Orcish Mines.
 10921 | D:9      | Reached skill level 10 in Ice Magic
 11318 | D:9      | Reached ** piety under Vehumet
 11343 | D:9      | Offered knowledge of Searing Ray by Vehumet.
 11725 | D:9      | Found Qiugrall's Armour Boutique.
 11831 | D:8      | Bought a pair of glowing gloves for 142 gold pieces
 12189 | Orc:1    | Entered Level 1 of the Orcish Mines
 12253 | Orc:1    | Offered knowledge of Stone Arrow by Vehumet.
 12254 | Orc:1    | Reached XP level 11. HP: 58/60 MP: 16/21
 12277 | Orc:1    | Found a shimmering blue altar of Sif Muna.
 12373 | Orc:1    | Reached skill level 1 in Evocations
 12384 | Orc:1    | Reached skill level 1 in Armour
 12405 | Orc:1    | Reached skill level 5 in Dodging
 12407 | Orc:1    | Noticed an orc warlord
 12411 | Orc:1    | Reached *** piety under Vehumet
 12420 | Orc:1    | Killed an orc warlord
 12421 | Orc:1    | Reached skill level 11 in Ice Magic
 12737 | Orc:2    | Entered Level 2 of the Orcish Mines
 12737 | Orc:2    | Noticed an orc knight
 12756 | Orc:2    | Offered knowledge of Conjure Flame by Vehumet.
 12758 | Orc:2    | Killed an orc knight
 12899 | Orc:2    | Found Adem's Overcharged Wands.
 12905 | Orc:2    | Noticed a cyclops
 12928 | Orc:2    | Killed a cyclops
 12956 | Orc:2    | Noticed an orc knight
 12976 | Orc:2    | Killed an orc knight
 13141 | Orc:2    | Found a staircase to the Elven Halls.
 13187 | Orc:2    | Found Daps's General Store.
 13241 | Orc:2    | Found Tef Ypnyfiaw's Distillery.
 13249 | Orc:2    | Bought a potion of heal wounds for 55 gold pieces
 13249 | Orc:2    | Bought a potion of heal wounds for 55 gold pieces
 13256 | Orc:2    | Noticed an orc knight
 13270 | Orc:2    | Killed an orc knight
 13270 | Orc:2    | Reached **** piety under Vehumet
 13288 | Orc:2    | Found Xoomunuc's Antique Weapon Emporium.
 13298 | Orc:2    | Found Noydysoz's Antique Weapon Shoppe.
 13467 | Orc:2    | Learned a level 4 spell: Hailstorm
 13516 | Orc:2    | Noticed an orc warlord
 13551 | Orc:2    | Slain by an orc warlord

Illustrated notes

Levels and vault maps discovered:
D:1:      dpeg_arrival_three_same_balls, layout_rooms, minmay_misc_feat_hallway
D:2:      layout_basic, basic_altar, minmay_misc_feat_doors,
          roderic_filled_cross, uniq_robin
D:3:      layout_loops_corners, ebering_ecumenical_altar_abandoned,
          minmay_quantized
D:4:      layout_loops_ring, chequers_avenue, chequers_serial_rivers_room_a,
          uniq_pikel, uniq_duvessa
D:5:      layout_basic, pdpol_wu_jian_five_deadly_venoms, grunt_gozag_statues,
          minmay_temple_entry_trees, enter_ossuary_4, serial_shops, shop,
          uniq_ijyb
D:6:      layout_loops_ring, riverfiend_overflow_shadow_ancestor
D:7:      layout_rooms, gammafunk_ghost_mausoleum
D:8:      layout_basic, erik_lair_island, serial_shops, kennysheep_mini
D:9:      layout_long_grid, erik_orc_4, serial_shops, shop
Temple:   kb_temple_of_zot
Orc:1:    layout_diamond_mine, basic_altar, kennysheep_orc_sif_temple
Orc:2:    st_orc_pillars, layout_diamond_mine, serial_shops, shop,
          nicolae_diamond_shop, nicolae_shop_trees, shop,
          nicolae_shop_overcharged_wands

Skill      XL: |  1  2  3  4  5  6  7  8  9 10 11 |
---------------+----------------------------------+-----
Dodging        | 2 3 4 5 |  5.2
Maces & Flails | 2 4 |  4.4
Stealth        | 3 4 5 7 |  7.1
Ice Magic      | 5 7 8 10 11 | 11.5
Fighting       | 1 2 3 |  3.7
Spellcasting   | 3 4 5 7 8 |  8.2
Staves         | 3 4 5 |  5.3
Evocations     | 2 |  2.8
Armour         | 2 |  2.1

Action                   |  1- 3 |  4- 6 |  7- 9 | 10-12 || total
-------------------------+-------+-------+-------+-------++-------
Melee: Club              |    11 |       |       |       ||    11
       Whip              |    75 |    95 |       |       ||   170
       Staff             |       |       |   288 |   186 ||   474
 Cast: Freeze            |    18 |     1 |    14 |    70 ||   103
       Frozen Ramparts   |       |     5 |    33 |    48 ||    86
       Ozocubu's Armour  |       |       |    20 |    30 ||    50
Evoke: Wand              |       |       |       |     9 ||     9
  Use: Scroll            |     2 |     2 |     7 |    11 ||    22
       Potion            |     1 |     1 |       |     1 ||     3
 Stab: Sleeping          |     1 |     6 |    11 |     1 ||    19
       Distracted        |       |       |       |     1 ||     1
Armor: Robe              |    35 |    21 |   182 |   113 ||   351
       Troll leather arm |       |       |       |    83 ||    83
Dodge: Dodged            |    71 |    71 |   263 |   314 ||   719
